 Dungeon Crawl Stone Soup version 0.28.0-53-g5a82cb258f (webtiles) character file.

Game seed: 15612707125434200485

730 Descartes the Cutter (level 7, 0/35 HPs)
             Began as a Vine Stalker Monk on May 23, 2022.
             Was a Believer of Dithmenos.
             Splashed by a jelly's acid (8 damage)
             ... on level 5 of the Dungeon.
             The game lasted 00:08:19 (4151 turns).

Descartes the Cutter (Vine Stalker Monk)            Turns: 4151, Time: 00:08:20

Health: 0/35       AC: -3    Str: 16    XL:     7   Next: 73%
Magic:  0/10       EV: 12    Int: 10    God:    Dithmenos [**....]
Gold:   194        SH:  3    Dex: 16    Spells: 8/8 levels left

rFire   + . .      SeeInvis .   r - +2 dagger (venom)
rCold   . . .      Faith    .   t - +0 buckler
rNeg    . . .      Spirit   +   f - +0 leather armour
rPois   .          Reflect  .   h - +0 helmet
rElec   .          Harm     .   (no cloak)
rCorr   .          Rampage  .   (no gloves)
Will    .....                   e - +0 pair of boots
Stlth   ++++......              (no amulet)
HPRegen 0.91/turn               k - ring of protection from fire
MPRegen 0.12/turn               (no ring)

@: corroded, wreathed by umbra
A: fangs 2, regeneration 1, magic shield, antimagic bite, no potion heal 2
a: Renounce Religion, Shadow Step


You were on level 5 of the Dungeon.
You worshipped Dithmenos.
Dithmenos was pleased with you.
You visited 2 branches of the dungeon, and saw 6 of its levels.

You collected 194 gold pieces.

Inventory:

Hand Weapons
 a - a +0 short sword
 r - a +2 dagger of venom (weapon)
 w - a +0 rapier
Missiles
 i - 124 stones (quivered)
 q - 10 poisoned darts
 s - a throwing net
 y - 2 boomerangs
Armour
 b - a +0 chain mail
 e - a +0 pair of boots (worn)
 f - a +0 leather armour (worn)
 h - a +0 helmet (worn)
 t - a +0 buckler (worn)
Jewellery
 k - a ring of protection from fire (left hand)
 x - an amulet of the acrobat
Wands
 v - a wand of digging (7)
Scrolls
 c - a scroll of noise {unknown}
 d - 2 scrolls of torment {unknown}
 g - a scroll of immolation {unknown}
 j - 2 scrolls of identify {unknown}
 m - 2 scrolls of brand weapon {unknown}
 o - 2 scrolls of summoning {unknown}
 u - a scroll of enchant armour {unknown}
Potions
 l - 3 potions of magic {unknown}
 n - a potion of degeneration {unknown}
 p - 2 potions of ambrosia {unknown}
 z - a potion of brilliance {unknown}


   Skills:
 - Level 2.6 Fighting
 + Level 6.4 Short Blades
 + Level 2.9 Dodging
 + Level 5.5 Stealth
 + Level 1.4 Spellcasting
 + Level 1.3 Invocations
 + Level 1.2 Evocations


You had 8 spell levels left.
You didn't know any spells.
Your spell library contained the following spells:

 Spells                   Type           Power      Damage    Failure   Level
 Magic Dart               Conj           0%         1d3       50%         1
 Searing Ray              Conj           0%         2d4       63%         2
 Fulminant Prism          Conj/Hex       0%         3d6       99%         4


Dungeon Overview and Level Annotations

Branches:
Dungeon (5/15)             Temple (1/1) D:4

Altars:
Cheibriados
Dithmenos
Elyvilon
Kikubaaqudgha
Makhleb
Qazlal
Ru
Trog
Vehumet
Wu Jian
Zin

Shops:
D:2 =[


Innate Abilities, Weirdness & Mutations

You have extremely sharp teeth.
Your natural rate of healing is unusually fast.
When hurt, damage is shared between your health and your magic reserves.
Your bite disrupts and absorbs the magic of your enemies.
Potions cannot restore your health.


Message History

The orc is heavily wounded.
The orc closely misses you.
You hit the orc.
The orc is poisoned.
You bite the orc, but do no damage.
The orc is severely wounded.
The orc completely misses you.
You closely miss the orc.
The orc is severely wounded.
You hit the orc.
You kill the orc!
Dithmenos accepts your kill.
You hit the jelly.
The jelly is poisoned.
The acid corrodes you!
Your hands burn!
You bite the jelly, but do no damage.
The jelly is lightly wounded.
The jelly closely misses you.
You hit the jelly but do no damage.
Your hands burn!
You bite the jelly, but do no damage.
The jelly is moderately wounded.
The jelly hits you.
You are splashed with acid!
* * * LOW HITPOINT WARNING * * *
You hit the jelly. The acid corrodes you!
Your hands burn!
* * * LOW HITPOINT WARNING * * *
You bite the jelly. You drain its power.
You feel invigorated.
The jelly is heavily wounded.
Unknown command.
The jelly closely misses you.
You kill the water moccasin!
Dithmenos accepts your kill.
The jelly looks more healthy.
The jelly jiggles.
You hit the jelly but do no damage.
The jelly is poisoned.
Your hands burn!
The jelly is almost dead.
You hit the jelly but do no damage.
The jelly looks as sick as possible!
Your hands burn!
* * * LOW HITPOINT WARNING * * *
You bite the jelly, but do no damage.
The jelly is almost dead.
The jelly hits you.
* * * LOW HITPOINT WARNING * * *
You are splashed with acid!
You die...

### #.# #.# #.#
####.##########
..#.##........
#†#.##........
#####.#@##........######
###...#.#J##..............
..........................
##....#o#.##........#####.
#....#.#.##..............
#... #.#.#########.#####.
#.## #o#.......###.#####.
#. #.#.#####........... #
#o#.# #..##.#####.


You could see a jelly (extremely poisoned) and an orc.

Vanquished Creatures
  Eustachio (D:5)
  A water moccasin (D:5)
  A necrophage (D:2)
  A scorpion (D:4)
  A bullfrog zombie (D:5)
  An orc priest (D:4)
  2 hounds
  Jessica (D:3)
  Natasha (thrice) (D:4)
  An orc wizard (D:4)
  An adder (D:2)
  A white imp (D:4)
  An ufetubus (D:5)
  3 dart slugs
  5 orcs
  6 endoplasms
  2 giant cockroaches
  3 goblins
  6 hobgoblins
  4 jackals (D:4)
  5 quokkas
  6 ball pythons
  9 bats
  4 frilled lizards
  7 kobolds
  5 rats
81 creatures vanquished.

Notes
Turn   | Place    | Note
-------+----------+-------------------------------------------
     0 | D:1      | Descartes the Vine Stalker Monk began the quest for the
                  | Orb.
     0 | D:1      | Reached XP level 1. HP: 11/11 MP: 2/2
   308 | D:1      | Reached XP level 2. HP: 9/16 MP: 1/3
   318 | D:1      | Reached skill level 3 in Short Blades
  1609 | D:2      | Reached XP level 3. HP: 15/19 MP: 4/4
  1700 | D:2      | Found Uttul's Jewellery Boutique.
  1880 | D:2      | Found a faded altar of an unknown god.
  1988 | D:2      | Found Soosmom's Antique Armour Emporium.
  2080 | D:2      | Noticed a necrophage
  2099 | D:2      | Killed a necrophage
  2100 | D:2      | Reached skill level 4 in Short Blades
  2100 | D:2      | Reached skill level 5 in Stealth
  2100 | D:2      | Gained mutation: Your natural rate of healing is unusually
                  | fast. [Vine Stalker growth]
  2100 | D:2      | Reached XP level 4. HP: 8/23 MP: 2/5
  2100 | D:2      | Reached XP level 5. HP: 9/27 MP: 2/6
  2595 | D:3      | Noticed Jessica
  2601 | D:3      | Killed Jessica
  3089 | D:4      | Noticed Natasha
  3102 | D:4      | Killed Natasha
  3129 | D:4      | Reached skill level 5 in Short Blades
  3129 | D:4      | Reached XP level 6. HP: 26/32 MP: 5/7
  3278 | D:4      | Found a radiant altar of Vehumet.
  3342 | D:4      | Noticed Natasha
  3353 | D:4      | Killed Natasha
  3467 | D:4      | Found a staircase to the Ecumenical Temple.
  3473 | D:4      | Reached skill level 6 in Short Blades
  3573 | D:4      | Noticed Natasha
  3583 | D:4      | Killed Natasha
  3709 | D:4      | Found an ornate altar of the Wu Jian Council.
  3780 | Temple   | Entered the Ecumenical Temple
  3893 | Temple   | Became a worshipper of Dithmenos the Shadowed
  3893 | Temple   | Reached * piety under Dithmenos
  3893 | Temple   | Reached ** piety under Dithmenos
  3977 | D:5      | Entered Level 5 of the Dungeon
  3987 | D:5      | Reached XP level 7. HP: 35/35 MP: 8/8
  4026 | D:5      | Noticed Eustachio
  4030 | D:5      | Killed Eustachio
  4106 | D:5      | Reached skill level 1 in Spellcasting
  4106 | D:5      | Reached skill level 1 in Invocations
  4106 | D:5      | Reached skill level 1 in Evocations
  4151 | D:5      | Splashed by a jelly's acid

Illustrated notes

Levels and vault maps discovered:
D:1:      zelgadis_glass_arrival_small, layout_basic
D:2:      layout_basic, serial_shops, shop, shop,
          hellmonk_ecumenical_altar_crossroads
D:3:      layout_basic, uniq_jessica
D:4:      layout_rooms, vehumet_crystals, general_overflow_altar, temple_hall,
          kennysheep_generic_room_9, uniq_natasha
D:5:      layout_basic, overflow_temple_1_default, hangedman_minor_gate_pass,
          uniq_eustachio
Temple:   kb_temple_of_zot

Skill      XL: |  1  2  3  4  5  6  7 |
---------------+----------------------+-----
Short Blades   | 3 4 5 6 |  6.4
Stealth        | 3 5 |  5.5
Spellcasting   | 1 |  1.4
Invocations    | 1 |  1.3
Evocations     | 1 |  1.2
Fighting       | |  2.6
Dodging        | |  2.9

Action                   |  1- 3 |  4- 6 |  7- 9 || total
-------------------------+-------+-------+-------++-------
Melee: Short sword       |    86 |    14 |       ||   100
       Bite              |    18 |    29 |     9 ||    56
       Punch             |     2 |       |       ||     2
       Dagger            |       |    92 |    21 ||   113
 Stab: Sleeping          |     5 |     9 |     2 ||    16
       Distracted        |       |     1 |       ||     1
Armor: Robe              |     8 |       |       ||     8
       Leather armour    |    13 |    23 |     1 ||    37
Dodge: Dodged            |    47 |    44 |    20 ||   111
Block: Buckler           |       |    10 |     3 ||    13
